AoeStats
← Cinnamoroll

Black Forest

507424156Analyzed
4v4 RM · 13d ago on Sep 18, 2026· 38m 0s· 8 players
Game mode
Random Map
Map size
Large (8 player)
Population
200
Speed
Normal
Resources
Standard
Victory
Conquest
Starting age
Dark Age
Ending age
Imperial Age
RankedLock teamsTeams togetherTeam positionsShared explorationLock speedFull tech treeHidden civsTurbo modeCheats
Victory
Defeat
🇨🇳 Teutons · China
1586
+13
🇦🇷 Japanese · Argentina
1567
+13
🇦🇷 Mongols · Argentina
1549
+14
🇨🇦 Spanish · Canada
1527
+15
🇦🇺 Tupi · Australia
1693
-21
🇺🇸 Aztecs · United States
1461
-12
🇦🇺 Lithuanians · Australia
1442
-11
🇺🇸 Japanese · United States
1430
-11
Cinnamoroll
6:14 Loom
8:43 Feudal Age
8:53 Man-at-Arms
10:28 Double-Bit Axe
19:19 Castle Age
17:19 Horse Collar
17:39 Gold Mining
20:19 Bow Saw
20:27 Heavy Plow
20:50 Redemption
20:49 Scale Barding Armor
21:14 Sanctity
22:29 Wheelbarrow
22:55 Bloodlines
22:51 Husbandry
26:14 Chain Barding Armor
27:07 Bloodlines
30:52 Town Watch
31:22 Hand Cart
31:27 Fervor
32:51 Inquisition
36:05 Imperial Age
33:47 Fletching
34:12 Masonry
34:14 Caravan
34:24 Bodkin Arrow
36:45 Coinage
36:49 Town Patrol
37:12 Block Printing
37:36 Theocracy
37:27 Illumination
37:29 Conscription
38:04 Banking
大空魔术师
0:32 Loom
12:06 Feudal Age
14:21 Double-Bit Axe
15:32 Horse Collar
18:00 Wheelbarrow
21:21 Castle Age
25:41 Fletching
29:25 Bodkin Arrow
34:15 Imperial Age
33:08 Hand Cart
33:07 Scale Barding Armor
36:16 Chemistry
36:24 Bow Saw
36:57 Chain Barding Armor
36:48 Forging
37:39 Bloodlines
37:28 Town Watch
FutureEwe5582
10:13 Feudal Age
11:45 Loom
14:37 Castle Age
12:48 Double-Bit Axe
13:28 Horse Collar
14:36 Wheelbarrow
15:38 Bow Saw
24:55 Redemption
26:20 Treadmill Crane
28:20 Hand Cart
30:50 Imperial Age
28:43 Fletching
29:07 Gold Mining
29:07 Stone Mining
29:40 Ballistics
29:11 Guard Tower
29:44 Yasama
30:23 Bodkin Arrow
31:05 Town Watch
31:42 Bracer
32:44 Chemistry
31:16 Elite Skirmisher
32:04 Thumb Ring
32:49 Padded Archer Armor
34:07 Two-Man Saw
34:18 Heavy Cavalry Archer
35:24 Parthian Tactics
36:15 Kataparuto
37:05 Coinage
37:04 Conscription
38:40 Leather Archer Armor
38:32 Siege Engineers
caizhi
10:30 Feudal Age
15:13 Castle Age
13:59 Forging
15:47 Double-Bit Axe
18:41 Loom
26:20 Fervor
27:16 Wheelbarrow
26:27 Loom
26:29 Town Watch
31:12 Imperial Age
29:14 Scale Mail Armor
29:07 Fletching
29:17 Padded Archer Armor
30:03 Hand Cart
29:42 Gold Mining
29:44 Stone Mining
30:13 Bow Saw
30:14 Bodkin Arrow
31:21 Leather Archer Armor
31:27 Elite Mangudai
33:12 Gold Shaft Mining
33:14 Stone Shaft Mining
32:22 Horse Collar
33:34 Conscription
33:37 Drill
33:35 Bloodlines
33:26 Husbandry
33:59 Bracer
34:12 Masonry
34:24 Ballistics
34:18 Masonry
34:17 Thumb Ring
36:18 Scale Barding Armor
36:48 Iron Casting
36:53 Parthian Tactics
36:43 Siege Engineers
37:41 Chemistry
36:13 Light Cavalry
37:15 Hussar
qwer
5:03 Loom
10:12 Feudal Age
12:42 Fletching
18:07 Castle Age
16:23 Double-Bit Axe
17:11 Padded Archer Armor
16:58 Horse Collar
17:41 Gold Mining
19:22 Bow Saw
19:56 Bodkin Arrow
21:53 Gold Shaft Mining
20:50 Crossbowman
24:35 Thumb Ring
27:14 Redemption
28:46 Wheelbarrow
33:12 Imperial Age
31:32 Leather Archer Armor
31:26 Stone Mining
35:20 Hand Cart
34:36 Man-at-Arms
35:01 Gambesons
35:18 Squires
Chris Bosh the Dinosaurman
7:55 Loom
13:41 Feudal Age
18:13 Castle Age
16:22 Double-Bit Axe
16:22 Horse Collar
19:18 Bow Saw
19:11 Heavy Plow
22:51 Gold Mining
23:51 Fletching
25:26 Wheelbarrow
25:30 Fletching
26:02 Ballistics
26:44 Gold Shaft Mining
26:38 Hand Cart
28:14 Stone Mining
28:38 Crossbowman
31:32 Stone Shaft Mining
33:38 Imperial Age
34:24 Bodkin Arrow
35:31 Chemistry
33:52 Arbalester
35:45 Elite Skirmisher
Pez
8:49 Feudal Age
9:53 Champi Runner
10:19 Arson
10:28 Arson
11:49 Loom
14:17 Double-Bit Axe
14:12 Horse Collar
18:42 Wheelbarrow
21:31 Castle Age
19:27 Town Watch
20:23 Gold Mining
20:24 Stone Mining
22:17 Squires
22:29 Forging
24:14 Fletching
24:25 Padded Archer Armor
25:52 Leather Archer Armor
25:33 Bodkin Arrow
25:59 Heavy Plow
26:09 Bow Saw
27:37 Caravan
30:07 Imperial Age
30:26 Imperial Age
30:31 Leather Archer Armor
31:04 Ballistics
31:31 Bracer
33:21 Chemistry
37:01 Hand Cart
36:50 Caravan
37:20 Coinage
The Milkman
11:03 Feudal Age
11:35 Double-Bit Axe
14:35 Castle Age
15:43 Bow Saw
15:14 Horse Collar
18:07 Wheelbarrow
19:24 Loom
19:38 Gold Mining
19:45 Town Watch
21:34 Hand Cart
22:05 Heavy Plow
25:14 Forging
26:59 Iron Casting
30:09 Imperial Age
27:30 Fletching
29:50 Hill Forts
30:07 Bloodlines
29:58 Husbandry
29:22 Light Cavalry
30:59 Scale Barding Armor
31:19 Conscription
31:04 Winged Hussar
33:48 Chain Barding Armor
33:24 Bodkin Arrow
33:52 Ballistics
33:28 Elite Skirmisher
37:18 Plate Barding Armor
37:30 Thumb Ring
37:27 Padded Archer Armor
38:30 Bracer
Connection lost

Rejoining the realm…

Still unreachable

The connection could not be restored.

Session expired

The server has moved on; the page needs a fresh start.